 Dungeon Crawl Stone Soup version 0.31.0 (webtiles) character file.

Game seed: 11537979134912121748

73 qw the Shooter (level 4, -6/28 HPs)
             Began as a Gargoyle Hunter on Jan 19, 2024.
             Killed from afar by Natasha (7 damage)
             ... with a puff of flame
             ... on level 2 of the Dungeon.
             The game lasted 00:00:05 (979 turns).

qw the Shooter (Gargoyle Hunter)                     Turns: 979, Time: 00:00:05

Health: -6/28      AC: 10    Str: 15    XL:     4   Next: 27%
Magic:  0/4        EV: 11    Int:  9    God:
Gold:   49         SH:  0    Dex: 15    Spells: 3/3 levels left

rFire   . . .        a - +0 shortbow
rCold   . . .        (shield currently unavailable)
rNeg    + . .        f - +0 ring mail
rPois   inf          p - +1 helmet
rElec   +            (no cloak)
rCorr   .            (no gloves)
SInv    .            (no boots)
Will    .....        o - amulet of guardian spirit
Stlth   +            (no ring)
HPRegen 0.24/turn    (no ring)
MPRegen 0.09/turn

%: guardian spirit
@: no status effects
A: sickness immunity, AC +3, negative energy resistance 1, electricity
resistance, torment resistance 1, petrification resistance
a: no special abilities


You were on level 2 of the Dungeon.
You visited 1 branch of the dungeon, and saw 2 of its levels.

You collected 49 gold pieces.


Innate Abilities, Weirdness & Mutations

You are immune to sickness and miasma.
Your stone body is resilient. (AC +3)
You are immune to poison.
You resist negative energy. (rN+)
You are resistant to electric shocks. (rElec)
You are resistant to unholy torment.
You are immune to petrification.


   Skills:
 - Level 3.0 Fighting
 + Level 5.2 Ranged Weapons
 - Level 1.0 Armour
 - Level 1.5 Dodging
 - Level 1.1 Stealth


You had 3 spell levels left.
You didn't know any spells.
Your spell library was empty.

Inventory:

Hand Weapons
 a - a +0 shortbow (weapon)
Armour
 f - a +0 ring mail (worn)
 p - a +1 helmet (worn)
Jewellery
 b - a ring of flight
 o - an amulet of guardian spirit (around neck)
Potions
 k - a potion of degeneration {unknown}
 n - a potion of berserk rage {unknown}

Dungeon Overview and Level Annotations

Branches:
Dungeon (2/15)

Altars:

Annotations:
D:2 Natasha


Message History

Natasha casts a spell at you. The magic dart hits you.
The cerulean imp closely misses you.
You shoot an arrow. The arrow hits Natasha!
Natasha is severely wounded.
Natasha claws you.
The cerulean imp hits you but does no damage.
Natasha casts a spell at you. The magic dart hits you.
The cerulean imp misses you.
You shoot an arrow. The arrow closely misses Natasha.
The arrow barely misses the cerulean imp.
Natasha misses you. The cerulean imp closely misses you.
Natasha mumbles some strange words.
Enter note:
975 ||| RETREEEEATING.
The cerulean imp hits you but does no damage.
The cerulean imp closely misses you.
Enter note:
Enter note:
976 ||| RETREEEEATING.
The cerulean imp closely misses you.
Natasha mumbles some strange words.
The cerulean imp attacks as it pursues you!
The cerulean imp hits you from afar with a +1 spear.
The cerulean imp barely misses you.
Enter note:
Enter note:
977 ||| RETREEEEATING.
You feel yourself speed up.
Natasha mumbles some strange words.
You feel disoriented. The cerulean imp barely misses you.
Natasha barely misses you.
Enter note:
978 ||| RETREEEEATING.
The dart slug launches a dart at you.
The slug dart hits you but does no damage.
Natasha attacks as she pursues you! Natasha closely misses you.
You shoot an arrow. The arrow barely misses Natasha.
Natasha zaps a wand.
The puff of flame hits you!
You die...
Natasha curls up and begins to purr.

#............#...#.###.#####.#
#.#######.##.##.##...........#
#. #.##..#.#............. #.
#.##...#...###.#######
#|##..###...##.######
#.##...#...)).........
#.##..#.#..#######.###
#.(..##.##.# ####.#@..#.#
#.h###w.# ## #.#.55#ยค## ..
#.##5##5.##.###.#
...#[#...w.......
....###..##..##### #.##......#
..# #. ####.## .># #. .. ..#


You could see Natasha and a dart slug.

Vanquished Creatures
  An adder (D:2)
  3 gnolls (D:2)
  A dart slug (D:1)
  7 bats
  3 endoplasms
  2 giant cockroaches
  A goblin (D:1)
  4 hobgoblins
  A jackal (D:2)
  3 quokkas (D:1)
  3 ball pythons
  A frilled lizard (D:1)
  A kobold (D:1)
  3 rats (D:1)
34 creatures vanquished.

Notes
Turn   | Place    | Note
-------+----------+-------------------------------------------
     0 | D:1      | qw the Gargoyle Hunter began the quest for the Orb.
     0 | D:1      | Reached XP level 1. HP: 12/12 MP: 1/1
     0 | D:1      | 0 ||| qw: Version: 0.3-a-132-g3d54051
     0 | D:1      | 0 ||| qw: Game counter: 190
     0 | D:1      | 0 ||| qw: Melee chars always use a shield: true
     0 | D:1      | 0 ||| qw: God list: Okawaru
     0 | D:1      | 0 ||| qw: Allow faded altars: false
     0 | D:1      | 0 ||| qw: Do Orc after clearing Dungeon:15 true
     0 | D:1      | 0 ||| qw: Do second Lair branch before Depths: true
     0 | D:1      | 0 ||| qw: Lair rune preference: random
     0 | D:1      | 0 ||| qw: Goals: Normal
     0 | D:1      | 0 ||| PLANNING D:1-11
   148 | D:1      | Reached XP level 2. HP: 14/17 MP: 2/2
   597 | D:1      | Reached XP level 3. HP: 21/21 MP: 3/3
   727 | D:1      | 727 ||| UPGRADING to +0 ring mail.
   737 | D:1      | 737 ||| DROPPING +0 leather armour.
   738 | D:1      | 738 ||| UPGRADING to +0 helmet.
   743 | D:1      | 743 ||| UPGRADING to amulet of guardian spirit.
   748 | D:1      | 748 ||| READING scroll labelled MEOKIE XOUDD.
   748 | D:1      | 748 ||| IDENTIFYING smoky sapphire potion
   749 | D:1      | 749 ||| READING scroll labelled FAEWKI RAYKLUW.
   750 | D:1      | 750 ||| READING scroll labelled GOT UTECAETI.
   751 | D:1      | 751 ||| READING scroll labelled RIAS BETEG.
   752 | D:1      | 752 ||| READING scroll labelled ATYPEN NAXOQO.
   753 | D:1      | 753 ||| READING scroll labelled MUHEQ ZUEDU.
   753 | D:1      | 753 ||| ENCHANTING +0 helmet.
   754 | D:1      | 754 ||| READING scroll labelled IHUNAU ACRESH.
   758 | D:1      | 758 ||| DROPPING scroll of butterflies.
   759 | D:1      | 759 ||| DROPPING potion of invisibility.
   817 | D:2      | Reached skill level 1 in Armour
   829 | D:2      | Reached skill level 5 in Ranged Weapons
   893 | D:2      | Reached skill level 3 in Fighting
   893 | D:2      | Reached XP level 4. HP: 24/28 MP: 2/4
   894 | D:2      | 894 ||| FLEEEEING.
   912 | D:2      | 912 ||| FLEEEEING.
   958 | D:2      | Noticed Natasha
   967 | D:2      | 967 ||| RETREEEEATING.
   969 | D:2      | 969 ||| RETREEEEATING.
   970 | D:2      | 970 ||| RETREEEEATING.
   970 | D:2      | HP: 6/28 [cerulean imp/+0 spear[Natasha] (4)]
   971 | D:2      | 971 ||| RETREEEEATING.
   973 | D:2      | HP: 1/28 [Natasha/magic dart (2)]
   975 | D:2      | 975 ||| RETREEEEATING.
   976 | D:2      | 976 ||| RETREEEEATING.
   977 | D:2      | 977 ||| RETREEEEATING.
   978 | D:2      | 978 ||| RETREEEEATING.
   979 | D:2      | Killed from afar by Natasha

Levels and vault maps discovered:
D:1:      amcnicky_arrival_gap_in_the_tavern_cellar, layout_loops_ring
D:2:      layout_loops_ring, serial_shops, shop_fountains,
          amcnicky_mini_corridor_feature, grunt_decor_fettered, minmay_ruptured,
          uniq_natasha, uniq_robin

Skill      XL: |  1  2  3 |
---------------+----------+-----
Armour         | 1 |  1.0
Ranged Weapons | 5 |  5.2
Fighting       | 3 |  3.0
Dodging        | |  1.5
Stealth        | |  1.1

Action                     |  1- 3 |  4- 6 || total
---------------------------+-------+-------++-------
   Fire: Shortbow          |    92 |    30 ||   122
    Use: Scroll            |     7 |       ||     7
 Armour: Leather armour    |    12 |       ||    12
         Ring mail         |    17 |    28 ||    45
  Dodge: Dodged            |    30 |    25 ||    55

Table legend:
 A = Non-vault XP
 B = Vault XP
 C = Vault XP percentage of total XP
 D = Non-vault monster count
 E = Vault monster count
 F = Vault count percentage of total count
                 A         B        C        D         E       F
            +---------+---------+-------+---------+---------+-------
      Total |      99 |       6 |   5.7 |      31 |       3 |   8.8
            +---------+---------+-------+---------+---------+-------
        D:1 |      37 |       0 |   0.0 |      22 |       0 |   0.0
        D:2 |      62 |       6 |   8.8 |       9 |       3 |  25.0
            +---------+---------+-------+---------+---------+-------
